 Dungeon Crawl Stone Soup version 0.21.1-1-g345015f (console) character file.

34 erker the Changer (level 3, -7/23 HPs)
             Began as an Octopode Transmuter on May 8, 2018.
             Mangled by a worm (8 damage)
             ... on level 2 of the Dungeon.
             The game lasted 00:03:49 (1070 turns).

erker the Changer (Octopode Transmuter)             Turns: 1070, Time: 00:03:50

Health: -7/23      AC:  1    Str:  9    XL:     3   Next: 31%
Magic:  0/6        EV: 13    Int: 16    God:
Gold:   30         SH:  0    Dex: 12    Spells: 4/7 levels left

rFire    . . .     SeeInvis .     - Unarmed
rCold    . . .     Gourm    .   (no shield)
rNeg     . . .     Faith    .   i - +0 hat
rPois    .         Spirit   +   e - amulet of guardian spirit
rElec    .         Reflect  .   (no ring)
rCorr    .         Harm     .   (no ring)
MR       .....                  (no ring)
Stlth    ++........             (no ring)
HPRegen  0.07/turn              (no ring)
MPRegen  0.10/turn              (no ring)
                                (no ring)
                                (no ring)

@: no status effects
A: almost no armour, stealthy swim, amphibious, 8 rings, constrict 8, camouflage
1, gelatinous body 1
a: no special abilities


You were on level 2 of the Dungeon.
You were hungry.

You visited 1 branch of the dungeon, and saw 2 of its levels.

You collected 30 gold pieces.

Inventory:

Missiles
 a - 40 arrows
Armour
 i - a +0 hat (worn)
Jewellery
 e - an amulet of guardian spirit (around mantle)
Wands
 k - a wand of digging (13)
Scrolls
 d - 5 scrolls of identify {unknown}
 g - a scroll of magic mapping {unknown}
 j - a scroll of fog {unknown}
 l - a scroll of blinking {unknown}
Potions
 h - 2 potions of heal wounds {unknown}
Books
 b - a book of Changes

   Spells                             Type                      Level
   a - Beastly Appendage              Transmutation                1
   b - Sticks to Snakes               Transmutation                2
   c - Spider Form                    Transmutation/Poison         3
   d - Ice Form                       Ice/Transmutation            4
   e - Blade Hands                    Transmutation                5
Comestibles
 c - 2 rations


   Skills:
 - Level 1.0 Fighting
 - Level 2.0 Dodging
 - Level 3.0 Unarmed Combat
 + Level 2.6 Spellcasting
 * Level 3.1 Transmutations


You had 4 spell levels left.
You knew the following spells:

 Your Spells              Type           Power        Failure   Level  Hunger
a - Beastly Appendage     Tmut           ##....       5%          1    #......
t - Sticks to Snakes      Tmut           ##......     9%          2    ##.....


Dungeon Overview and Level Annotations

Branches:
Dungeon (2/15)

Altars:


Innate Abilities, Weirdness & Mutations

You cannot wear most types of armour.
You are very stealthy in the water. (Stealth+)
You are amphibious.
You can wear up to eight rings at the same time.
You can use your tentacles to constrict eight enemies at once.
Your skin changes colour to match your surroundings (Stealth+).
Your rubbery body absorbs attacks. (AC +1, EV +1)


Message History

The bat misses you. The bat closely misses you.
The quokka bites your ball python. The bat closely misses you.
The bat hits you but does no damage. The bat hits your ball python.
The bat barely misses you. The bat hits you.
* * * LOW HITPOINT WARNING * * *
Casting: Sticks to Snakes
Confirm with . or Enter, or press ? or * to list all spells.
You don't have enough magic to cast that spell.
The bat hits you.
* * * LOW HITPOINT WARNING * * *
The bat hits your ball python.
Your ball python dies!
You barely miss the bat. Your grab misses the bat. The bat closely misses you.
The bat hits you but does no damage.
You tentacle-slap the bat.
You kill the bat!
You see here a club.
The worm bites you!
You die...

#### ... #.#############
#...#....†....#
.....#.#.#######.#
.#####.#.#######r# .
#>....r......w@#
.##....#...#####.#
.....#.###.# #.## .....#.#
#.# #..# ###w.#.# #.# #..#
#†..#.r .?# ###..##
#..##########..<..########
#......w....'.............
#.###########.....########


You could see a worm and a quokka.

Vanquished Creatures
  A dart slug (D:1)
  A leopard gecko (D:1)
  5 bats
  A giant cockroach (D:1)
  2 goblins (D:1)
  5 hobgoblins
  4 jackals (D:1)
  4 kobolds (D:1)
  3 frilled lizards
  2 rats (D:2)
28 creatures vanquished.

Notes
Turn   | Place    | Note
-------+----------+-------------------------------------------
     0 | D:1      | erker the Octopode Transmuter began the quest for the Orb.
     0 | D:1      | Reached XP level 1. HP: 13/13 MP: 3/3
    69 | D:1      | Reached XP level 2. HP: 13/18 MP: 5/5
   100 | D:1      | Learned a level 2 spell: Sticks to Snakes
   550 | D:1      | Reached XP level 3. HP: 19/23 MP: 4/6
  1030 | D:2      | HP: 1/23 [quokka (4)]
  1062 | D:2      | HP: 1/23 [bat (1)]
  1070 | D:2      | Mangled by a worm

Skill      XL: |  1  2  3 |
---------------+----------+-----
Transmutations | 3 |  3.1
Fighting       | |  1.0
Dodging        | |  2.0
Unarmed Combat | |  3.0
Spellcasting   | |  2.6

Action                   || total
-------------------------++-------
Melee: Unarmed           ||    68
       Constrict         ||    20
       Tentacles         ||     6
       Kick              ||     9
 Cast: Beastly Appendage ||    13
       Sticks to Snakes  ||     1
 Stab: Sleeping          ||     6
Armor: Skin              ||     6
Dodge: Dodged            ||    41
